 Dungeon Crawl Stone Soup version 0.22.0-76-g6cd1571672 (webtiles) character file.

44 JedernureinKreuz the Conjurer (level 3, -1/24 HPs)
             Began as a Vampire Conjurer on Sept 15, 2018.
             Slain by a worm (8 damage)
             ... on level 2 of the Dungeon.
             The game lasted 00:08:11 (2588 turns).

JedernureinKreuz the Conjurer (Vampire Conjurer)    Turns: 2588, Time: 00:08:12

Health: -1/24      AC:  3    Str:  7    XL:     3   Next: 39%
Magic:  0/6        EV: 12    Int: 18    God:
Gold:   60         SH:  0    Dex: 14    Spells: 5/6 levels left

rFire    . . .     SeeInvis +   n - +0 short sword
rCold    + . .     Gourm    .   (no shield)
rNeg     + + .     Faith    .   j - +0 leather armour
rPois    +         Spirit   .   (no helmet)
rElec    .         Reflect  .   (no cloak)
rCorr    .         Harm     .   (no gloves)
MR       .....                  (no boots)
Stlth    +++.......             (no amulet)
HPRegen  0.04/turn              (no ring)
MPRegen  0.10/turn              (no ring)

@: regenerating slowly
A: fangs 3, see invisible, unbreathing
a: Bat Form


You were on level 2 of the Dungeon.
You were very thirsty.

You visited 1 branch of the dungeon, and saw 2 of its levels.

You collected 60 gold pieces.

Inventory:

Hand Weapons
 i - a +0 dagger
 n - a +0 short sword (weapon)
Missiles
 f - 84 stones (quivered)
 o - 5 needles of confusion
Armour
 a - a +0 robe
 j - a +0 leather armour (worn)
 p - a +0 leather armour
Scrolls
 b - a scroll of remove curse {unknown}
 d - a scroll of identify {unknown}
 g - a scroll of amnesia {unknown}
 h - a scroll of fog {unknown}
Potions
 c - 7 potions of blood
 e - 2 potions of curing {unknown}
 k - 2 potions of flight {unknown}
 l - 2 potions of ambrosia {unknown}
 m - a potion of agility {unknown}


   Skills:
 - Level 0.2 Fighting
 + Level 0.2 Short Blades
 - Level 0.1 Armour
 + Level 2.7 Dodging
 + Level 3.1 Stealth
 - Level 0.3 Unarmed Combat
 + Level 2.1 Spellcasting
 + Level 3.5 Conjurations


You had 5 spell levels left.
You knew the following spells:

 Your Spells              Type           Power        Failure   Level  Hunger
a - Magic Dart            Conj           ##..         6%          1    #......

Your spell library contained the following spells:

 Spells                   Type           Power        Failure   Level  Hunger
 Searing Ray              Conj           ##....       10%         2    ###....
 Dazzling Spray           Conj/Hex       #.....       36%         3    ###....
 Iskenderun's Mystic Bla  Conj           ##......     52%         4    #####..
 Force Lance              Conj/Tloc      #.......     77%         4    #####..
 Fulminant Prism          Conj/Hex       #.........   77%         4    #####..


Dungeon Overview and Level Annotations

Branches:
Dungeon (2/15)

Altars:


Innate Abilities, Weirdness & Mutations

You heal slowly.
You have razor-sharp teeth.
You have supernaturally acute eyesight. (SInv)
You can survive without breathing.


Message History

Casting: Magic Dart (safe; 6% risk of failure)
Confirm with . or Enter, or press ? or * to list all spells.
Aiming: Magic Dart (safe; 6% risk of failure)
Press: ? - help, Shift-Dir - straight line, f/p - worm
Aim: a worm (severely wounded)
The magic dart hits the worm.
The worm is almost dead.
The worm bites you!
* * * LOW HITPOINT WARNING * * *
Casting: Magic Dart (safe; 6% risk of failure)
Confirm with . or Enter, or press ? or * to list all spells.
Aiming: Magic Dart (safe; 6% risk of failure)
Press: ? - help, Shift-Dir - straight line, f/p - worm
Aim: a worm (almost dead)
The magic dart hits the worm.
The worm is almost dead.
You barely miss the worm.
The worm is almost dead.
The worm bites you!
You die...

### ### ....( ..# #...
#.####...
#########....#..#
.......)@w##.##.## .
....###...##.##..#####..
##..###...).............
#......................
##...##......###..####.
..... #......# ##.#
###.###......# #.## #
#..........# #..# $###.
#..w......######.#


You could see a worm.

Vanquished Creatures
  An adder (D:2)
  An ooze (D:1)
  2 dart slugs (D:1)
  A ball python (D:1)
  6 bats
  2 giant cockroaches (D:1)
  4 goblins
  A hobgoblin (D:1)
  2 jackals (D:1)
  A frilled lizard (D:1)
  4 kobolds
  A rat (D:1)
26 creatures vanquished.

Notes
Turn   | Place    | Note
-------+----------+-------------------------------------------
     0 | D:1      | JedernureinKreuz the Vampire Conjurer began the quest for
                  | the Orb.
     0 | D:1      | Reached XP level 1. HP: 13/13 MP: 3/3
   356 | D:1      | Reached XP level 2. HP: 17/19 MP: 1/5
  1415 | D:1      | Reached XP level 3. HP: 22/24 MP: 1/6
  2588 | D:2      | Slain by a worm

Skill      XL: |  1 |
---------------+----+-----
Conjurations   | 3 |  3.5
Fighting       | |  0.2
Short Blades   | |  0.2
Armour         | |  0.1
Dodging        | |  2.7
Stealth        | |  3.1
Unarmed Combat | |  0.3
Spellcasting   | |  2.1

Action                   || total
-------------------------++-------
Melee: Unarmed           ||    16
       Bite              ||     7
       Dagger            ||    36
       Short sword       ||     7
 Cast: Magic Dart        ||    64
  Use: Potion            ||     2
Armor: Robe              ||     5
       Leather armour    ||     8
Dodge: Dodged            ||    48
